 Dungeon Crawl Stone Soup version 0.31-a0-795-g5eb97db20b (webtiles) character file.

Game seed: 15897276766953610612

102 demibob the Poker (level 4, -9/35 HPs)
             Began as a Merfolk Chaos Knight on Sept 18, 2023.
             Was a Plaything of Xom.
             Mangled by Crazy Yiuf
             ... wielding a +2 quarterstaff of chaos
              (10 damage)
             ... on level 2 of the Dungeon.
             The game lasted 00:01:50 (1615 turns).

demibob the Poker (Merfolk Chaos Knight)            Turns: 1615, Time: 00:01:51

Health: -9/35      AC:  5    Str: 11    XL:     4   Next: 77%
Magic:  1/4        EV: 17    Int: 10    God:    Xom [.*....]
Gold:   64         SH:  0    Dex: 19    Spells: 3/3 levels left

rFire   . . .        a - +0 spear (chaos)
rCold   . . .        (no shield)
rNeg    . . .        b - +2 leather armour
rPois   .            (no helmet)
rElec   .            (no cloak)
rCorr   .            (no gloves)
SInv    .            (no boots)
Will    .....        (no amulet)
Stlth   +            (no ring)
HPRegen 0.25/turn    (no ring)
MPRegen 0.09/turn

%: clarity
@: agile
A: (nimble swimmer 2), mertail, agile 1, clarity
a: Renounce Religion


You were on level 2 of the Dungeon.
You worshipped Xom.
You were a plaything of Xom.
You visited 1 branch of the dungeon, and saw 2 of its levels.

You collected 64 gold pieces.


Innate Abilities, Weirdness & Mutations

((You are very nimble when in or above water. (Stealth+, EV+, Speed+++)))
Your lower body shifts to a powerful aquatic tail in water.
You are agile. (Dex +4, Str/Int -1)
You possess an exceptional clarity of mind.


   Skills:
 - Level 3.2 Fighting
 + Level 7.1 Polearms
 - Level 0.6 Armour
 - Level 2.6 Dodging


You had 3 spell levels left.
You didn't know any spells.
Your spell library contained the following spells:

 Spells                   Type           Power      Damage    Failure   Level
 Magic Dart               Conj           0%         1d3       45%         1
 Searing Ray              Conj           0%         2d4       58%         2
 Fulminant Prism          Conj/Hex       0%         3d5       99%         4

Inventory:

Hand Weapons
 a - a +0 spear of chaos (weapon)
Armour
 b - a +2 leather armour (worn)
Scrolls
 c - a scroll of butterflies
 g - 2 scrolls of immolation
Potions
 d - a potion of brilliance

Dungeon Overview and Level Annotations

Branches:
Dungeon (2/15)

Altars:

Annotations:
D:2 Crazy Yiuf

.....#
#........................
....##
#.[......................
....#
##########...............
....# #######.........
....# #......... ....#
###♣♣♣♣♣ #......... ....#
##....♣.♣♣♣ ▒▒▒
#.........
....###......♣.§♣▒☼..▒
#.########
............♣♣♣♣@g§..▒
#.# ....###....♣♣ ♣♣▒☼.)▒
#.# ##### ####♣♣ ▒▒▒ #.#
###


You could see Crazy Yiuf.


Message History

You feel agile all of a sudden.
Xom thinks this is hilarious!
You feel much better.
Crazy Yiuf hits you with a +2 quarterstaff of chaos.
You hit Crazy Yiuf. You freeze Crazy Yiuf.
Crazy Yiuf is moderately wounded.
Crazy Yiuf hits you with a +2 quarterstaff of chaos.
You hit Crazy Yiuf. You freeze Crazy Yiuf.
Crazy Yiuf is severely wounded.
Crazy Yiuf hits you with a +2 quarterstaff of chaos!
You hit Crazy Yiuf but do no damage.
Crazy Yiuf is severely wounded.
You closely miss Crazy Yiuf.
Crazy Yiuf is severely wounded.
Crazy Yiuf hits you with a +2 quarterstaff of chaos.
You are electrocuted!!
Ouch! That really hurt!
* * * LOW HITPOINT WARNING * * *
Press: ? - help, v - describe, . - travel
Here: Crazy Yiuf, wielding a +2 quarterstaff of chaos and wearing a +0 cloak (magical condensation, severely wounded)
An open translucent door, spattered with blood.
You hit Crazy Yiuf but do no damage.
Crazy Yiuf is severely wounded.
Crazy Yiuf closely misses you.
You hit Crazy Yiuf. You burn Crazy Yiuf.
Crazy Yiuf is almost dead.
You hit Crazy Yiuf but do no damage.
Crazy Yiuf is almost dead.
Crazy Yiuf hits you with a +2 quarterstaff of chaos!
You die...

Skill      XL: |  1  2  3  4 |
---------------+-------------+-----
Polearms       | 6 7 |  7.1
Fighting       | |  3.2
Armour         | |  0.6
Dodging        | |  2.6

Action                     |  1- 3 |  4- 6 || total
---------------------------+-------+-------++-------
  Melee: Spear             |    70 |    39 ||   109
         Punch             |     1 |       ||     1
    Use: Scroll            |     2 |     2 ||     4
         Potion            |       |     1 ||     1
   Stab: Petrifying        |       |     1 ||     1
 Armour: Leather armour    |    29 |    18 ||    47
  Dodge: Dodged            |    39 |    13 ||    52

Levels and vault maps discovered:
D:1:      zaba_arrival_water, layout_basic,
          hellmonk_ecumenical_altar_heavens_door, minmay_misc_feat_diagonals,
          minmay_split_cup_small
D:2:      layout_basic, uniq_crazy_yiuf_cottage, uniq_natasha

Notes
Turn   | Place    | Note
-------+----------+-------------------------------------------
     0 | D:1      | demibob the Merfolk Chaos Knight began the quest for the
                  | Orb.
     0 | D:1      | Reached XP level 1. HP: 18/18 MP: 1/1
   206 | D:1      | Reached XP level 2. HP: 19/24 MP: 2/2
   278 | D:1      | XOM: silly message
   433 | D:1      | Reached skill level 5 in Polearms
   532 | D:1      | Found a faded altar of an unknown god.
   815 | D:1      | XOM: give mutations
   815 | D:1      | Gained mutation: You are agile. (Dex +4, Str/Int -1) [Xom's
                  | grace]
   815 | D:1      | Gained mutation: You possess an exceptional clarity of
                  | mind. [Xom's grace]
  1032 | D:2      | Noticed Natasha
  1041 | D:2      | Killed Natasha
  1042 | D:2      | Reached skill level 6 in Polearms
  1042 | D:2      | Reached XP level 3. HP: 28/29 MP: 3/3
  1139 | D:2      | Noticed Natasha
  1182 | D:2      | Killed Natasha
  1183 | D:2      | Reached XP level 4. HP: 15/35 MP: 4/4
  1211 | D:2      | Noticed Natasha
  1228 | D:2      | Killed Natasha
  1229 | D:2      | Reached skill level 7 in Polearms
  1321 | D:2      | XOM: 5-stop teleportation journey
  1412 | D:2      | Identified the +3 whip "Huotwem" {freeze, rF- rC+ Str+6
                  | Stlth+}
  1546 | D:2      | XOM: divination: detect items
  1599 | D:2      | Found a runed translucent door.
  1600 | D:2      | Noticed Crazy Yiuf
  1607 | D:2      | XOM: smoke on damage
  1612 | D:2      | HP: 1/35 [Crazy Yiuf/+2 quarterstaff of chaos (18)]
  1615 | D:2      | Mangled by Crazy Yiuf

Vanquished Creatures
  Natasha (thrice) (D:2)
  A dart slug (D:2)
  2 bats
  An endoplasm (D:1)
  3 giant cockroaches
  3 goblins
  2 hobgoblins (D:1)
  3 kobolds
  A quokka (D:1)
  3 ball pythons
  A frilled lizard (D:1)
  2 rats (D:1)
25 creatures vanquished.

Table legend: (Time is in decaauts)
 A = Elapsed time spent in this place.
 B = Non-inter-level travel time spent in this place.
 C = Inter-level travel time spent in this place.
 D = Time resting spent in this place.
 E = Time spent auto-exploring this place.
 F = Levels seen in this place.
 G = Mean time per level.
                   A        B        C        D        E       F      G
               +--------+--------+--------+--------+--------+-----+--------+
         Total |   1590 |   1535 |     55 |      0 |   1330 |   2 |  795.0 |
       Dungeon |   1590 |   1535 |     55 |      0 |   1330 |   2 |  795.0 |
               +--------+--------+--------+--------+--------+-----+--------+

Top non-repeatable levels by time:
     D:1: 882 daAuts
     D:2: 708 daAuts

Table legend:
 A = Non-vault XP
 B = Vault XP
 C = Vault XP percentage of total XP
 D = Non-vault monster count
 E = Vault monster count
 F = Vault count percentage of total count
                 A         B        C        D         E       F
            +---------+---------+-------+---------+---------+-------
      Total |     105 |      41 |  28.1 |      21 |       4 |  16.0
            +---------+---------+-------+---------+---------+-------
        D:1 |      20 |       5 |  20.0 |      12 |       3 |  20.0
        D:2 |      85 |      36 |  29.8 |       9 |       1 |  10.0
            +---------+---------+-------+---------+---------+-------
